TOP OF THE 1ST |
Rice University Owls batting - Pitching for Stanford University Cardinal : RHP Juvas Tanuja
|
Pitching: RHP Juvas Tanuja
|
|
Batting: RHB Caleb Mercer
|
0-0: Called Strike 0-1: Ball 1-1: Called Strike 1-2: Ball 2-2: Ball 3-2: Fly out, F7 (Line Drive, 7S, EV 99.4 MPH)
|
Batting: RHB Javier Quinones
|
0-0: Ball 1-0: Called Strike 1-1: SINGLE (Line Drive, 8RS, EV 103.8 MPH)
|
Batting: RHB Jose Soto
|
0-0: Ball 1-0: Ball 2-0: Ball 3-0: Called Strike 3-1: Foul Ball, location: 2F 3-2: Base on Balls Javier Quinones to second
|
Batting: SHB Ken Wilson
|
0-0: Called Strike 0-1: Swinging Strike 0-2: Ball 1-2: Strikes out looking
|
Batting: RHB Neil Worth
|
0-0: Foul Ball, location: 2F 0-1: Ball 1-1: Ball 2-1: Swinging Strike 2-2: Strikes out swinging
|
Top of the 1st over - 0 runs, 1 hit, 0 errors, 2 left on base; Rice University 0 - Stanford University 0 |
BOTTOM OF THE 1ST |
Stanford University Cardinal batting - Pitching for Rice University Owls : RHP Freddie Darlington
|
Pitching: RHP Freddie Darlington
|
|
Batting: RHB John Van der Linden
|
0-0: Fly out, F9 (Flyball, 89D, EV 86.9 MPH)
|
Batting: RHB Bobby Orantez
|
0-0: Foul Ball, location: 2F 0-1: Ball 1-1: SINGLE (Line Drive, 89S, EV 102.5 MPH)
|
Batting: LHB Donny Kleinjan
|
0-0: Called Strike 0-1: Ball 1-1: Foul Ball, location: 2F 1-2: Ball 2-2: Strikes out looking
|
Batting: RHB Joe Petley
|
0-0: Ball 1-0: Ball 2-0: Called Strike 2-1: Ball 3-1: Called Strike 3-2: Foul Ball, location: 2F 3-2: Strikes out swinging
|
Bottom of the 1st over - 0 runs, 1 hit, 0 errors, 1 left on base; Rice University 0 - Stanford University 0 |
TOP OF THE 2ND |
Rice University Owls batting - Pitching for Stanford University Cardinal : RHP Juvas Tanuja
|
Batting: LHB Chris Gonzales
|
0-0: Called Strike 0-1: Ball 1-1: Fly out, F6 (Popup, P, EV 88.1 MPH)
|
Batting: RHB Bill Turcotte
|
0-0: Swinging Strike 0-1: Ball 1-1: Fly out, F8 (Flyball, 8RXD, EV 87.5 MPH)
|
Batting: RHB Allen Jarvis
|
0-0: Called Strike 0-1: Called Strike 0-2: Ball 1-2: Ground out 5-3 (Groundball, 56S, EV 81.9 MPH)
|
Top of the 2nd over - 0 runs, 0 hits, 0 errors, 0 left on base; Rice University 0 - Stanford University 0 |
BOTTOM OF THE 2ND |
Stanford University Cardinal batting - Pitching for Rice University Owls : RHP Freddie Darlington
|
Batting: RHB Dzevat Koljevic
|
0-0: Called Strike 0-1: Swinging Strike 0-2: Ball 1-2: Ball 2-2: Ground out 4-3 (Groundball, 4, EV 106.9 MPH)
|
Batting: SHB Philippe Huff
|
0-0: Called Strike 0-1: Called Strike 0-2: Foul Ball, location: 2F 0-2: Ground out 4-3 (Groundball, 34, EV 80.0 MPH)
|
Batting: RHB Gary Preston
|
0-0: Ball 1-0: Called Strike 1-1: Fly out, F7 (Flyball, 7D, EV 95.0 MPH)
|
Bottom of the 2nd over - 0 runs, 0 hits, 0 errors, 0 left on base; Rice University 0 - Stanford University 0 |
TOP OF THE 3RD |
Rice University Owls batting - Pitching for Stanford University Cardinal : RHP Juvas Tanuja
|
Batting: RHB Emanuel Pulido
|
0-0: Ball 1-0: Called Strike 1-1: SINGLE (Line Drive, 7S, EV 90.6 MPH)
|
Batting: RHB Caleb Mercer
|
0-0: Ball 1-0: Called Strike 1-1: Fielders Choice at 2nd, 4-6 (Groundball, 4, EV 101.2 MPH)
|
Batting: RHB Javier Quinones
|
0-0: Ball Caleb Mercer steals 2nd base 1-0: Called Strike 1-1: Foul Ball, location: 2F 1-2: Ground out 6-3 (Groundball, 6D, EV 75.6 MPH) Caleb Mercer to third
|
Batting: RHB Jose Soto
|
0-0: Called Strike 0-1: Ball 1-1: SINGLE (Groundball, 56D, EV 95.0 MPH) Caleb Mercer scores
|
Batting: SHB Ken Wilson
|
0-0: Ball 1-0: Foul Ball, location: 2F 1-1: Foul Ball, location: 2F 1-2: Ball 2-2: Ball 3-2: Foul Ball, location: 2F 3-2: Foul Ball, location: 2F 3-2: SINGLE (Line Drive, 8LS, EV 91.9 MPH) Jose Soto to second Jose Soto to third
|
Batting: RHB Neil Worth
|
0-0: Fielders Choice at 2nd, 6-4 (Groundball, 6D, EV 103.1 MPH)
|
Top of the 3rd over - 1 run, 3 hits, 0 errors, 2 left on base; Rice University 1 - Stanford University 0 |
BOTTOM OF THE 3RD |
Stanford University Cardinal batting - Pitching for Rice University Owls : RHP Freddie Darlington
|
Batting: LHB Mike Keating
|
0-0: Foul Ball, location: 2F 0-1: Ball 1-1: Ball 2-1: Ball 3-1: Foul Ball, location: 2F 3-2: Base on Balls
|
Batting: RHB Josh Benefield
|
0-0: Ball 1-0: Ball 2-0: Called Strike 2-1: Foul Ball, location: 2F 2-2: Fielders Choice at 2nd, 1-4 (Groundball, 15, EV 75.0 MPH)
|
Batting: RHB John Van der Linden
|
0-0: Foul Ball, location: 2F 0-1: Ball 1-1: Ball 2-1: Ball 3-1: Fielders Choice at 2nd, 6-4 (Groundball, 6, EV 81.9 MPH)
|
Batting: RHB Bobby Orantez
|
0-0: Fly out, F7 (Flyball, 7LSF, EV 96.9 MPH)
|
Bottom of the 3rd over - 0 runs, 0 hits, 0 errors, 1 left on base; Rice University 1 - Stanford University 0 |
TOP OF THE 4TH |
Rice University Owls batting - Pitching for Stanford University Cardinal : RHP Juvas Tanuja
|
Batting: LHB Chris Gonzales
|
0-0: Foul Ball, location: 2F 0-1: Called Strike 0-2: Foul Ball, location: 2F 0-2: Foul Ball, location: 2F 0-2: Ball 1-2: Ball 2-2: Fly out, F7 (Flyball, 7D, EV 95.0 MPH)
|
Batting: RHB Bill Turcotte
|
0-0: Ball 1-0: Ball 2-0: Ball 3-0: Called Strike 3-1: Base on Balls
|
Batting: RHB Allen Jarvis
|
0-0: Ball 1-0: Ball 2-0: SINGLE (Groundball, 4, EV 97.5 MPH) Bill Turcotte to second Runner from 2nd tries for 3rd, SAFE, no throw by CF
|
Batting: RHB Emanuel Pulido
|
0-0: Ball 1-0: Called Strike 1-1: Ball 2-1: Foul Ball, location: 2F 2-2: Fielders Choice at 2nd, 4-6 (Groundball, 4D, EV 76.9 MPH) Bill Turcotte scores
|
Batting: RHB Caleb Mercer
|
0-0: Ball 1-0: Ball 2-0: DOUBLE (Flyball, 8LD, EV 107.5 MPH) Emanuel Pulido to third
|
Batting: RHB Javier Quinones
|
0-0: Ball 1-0: Ball 2-0: Called Strike 2-1: 3-RUN HOME RUN (Flyball, 7LD, EV 99.4 MPH), Distance : 369 ft
|
Pitching: RHP Steven Townsend
|
|
Batting: RHB Jose Soto
|
0-0: Ball 1-0: Ball 2-0: Foul Ball, location: 2F 2-1: Called Strike 2-2: Ball 3-2: Foul Ball, location: 2F 3-2: Foul Ball, location: 2F 3-2: DOUBLE (Flyball, 8LXD, EV 108.1 MPH)
|
Batting: SHB Ken Wilson
|
0-0: Foul Ball, location: 2F 0-1: Ball 1-1: Foul Ball, location: 2F 1-2: Foul Ball, location: 2F 1-2: Ground out U3 (Groundball, 3, EV 103.8 MPH)
|
Top of the 4th over - 4 runs, 4 hits, 0 errors, 1 left on base; Rice University 5 - Stanford University 0 |
BOTTOM OF THE 4TH |
Stanford University Cardinal batting - Pitching for Rice University Owls : RHP Freddie Darlington
|
Batting: LHB Donny Kleinjan
|
0-0: Ball 1-0: Ball 2-0: Ball 3-0: Called Strike 3-1: Base on Balls
|
Batting: RHB Joe Petley
|
0-0: Called Strike 0-1: Swinging Strike 0-2: Ball 1-2: Ball 2-2: Ball 3-2: Base on Balls Donny Kleinjan to second
|
Batting: RHB Dzevat Koljevic
|
0-0: Foul Ball, location: 2F 0-1: Ball 1-1: Swinging Strike 1-2: Fielders Choice at 2nd, 3-6 (Groundball, 3, EV 101.9 MPH) Donny Kleinjan to third
|
Batting: SHB Philippe Huff
|
0-0: Ball Dzevat Koljevic steals 2nd base 1-0: Fly out, F9 (Flyball, 9S, EV 71.2 MPH)
|
Batting: RHB Gary Preston
|
0-0: Called Strike 0-1: Ball 1-1: Fly out, F4 (Popup, 34, EV 56.9 MPH)
|
Bottom of the 4th over - 0 runs, 0 hits, 0 errors, 2 left on base; Rice University 5 - Stanford University 0 |
TOP OF THE 5TH |
Rice University Owls batting - Pitching for Stanford University Cardinal : RHP Steven Townsend
|
Batting: RHB Neil Worth
|
0-0: Ball 1-0: Ball 2-0: Swinging Strike 2-1: Swinging Strike 2-2: Ball 3-2: SOLO HOME RUN (Flyball, 7D, EV 98.8 MPH), Distance : 396 ft
|
Batting: LHB Chris Gonzales
|
0-0: Foul Ball, location: 2F 0-1: Ball 1-1: Foul Ball, location: 2F 1-2: Foul Ball, location: 2F 1-2: Ball 2-2: Strikes out looking
|
Batting: RHB Bill Turcotte
|
0-0: Ball 1-0: Ball 2-0: Ground out 3-1 (Groundball, 34, EV 103.8 MPH)
|
Batting: RHB Allen Jarvis
|
0-0: Ball 1-0: Ball 2-0: Foul Ball, location: 2F 2-1: Ball 3-1: Base on Balls
|
Batting: RHB Emanuel Pulido
|
0-0: Ball 1-0: Ball 2-0: Ball 3-0: Base on Balls Allen Jarvis to second
|
Batting: RHB Caleb Mercer
|
0-0: Ball 1-0: Ball 2-0: Ball 3-0: Called Strike 3-1: Base on Balls Allen Jarvis to third Emanuel Pulido to second
|
Batting: RHB Javier Quinones
|
0-0: Ball 1-0: Foul Ball, location: 2F 1-1: Fly out, F8 (Flyball, 8LD, EV 96.2 MPH)
|
Top of the 5th over - 1 run, 1 hit, 0 errors, 3 left on base; Rice University 6 - Stanford University 0 |
BOTTOM OF THE 5TH |
Stanford University Cardinal batting - Pitching for Rice University Owls : RHP Freddie Darlington
|
Batting: LHB Mike Keating
|
0-0: Ball 1-0: Ball 2-0: Ball 3-0: Called Strike 3-1: SINGLE (Groundball, 3D, EV 101.2 MPH)
|
Batting: RHB Josh Benefield
|
0-0: Ball 1-0: Called Strike 1-1: Grounds into double play, 5-4-3 (Groundball, 56, EV 100.0 MPH)
|
Batting: RHB John Van der Linden
|
0-0: Ball 1-0: Ball 2-0: Ball 3-0: Swinging Strike 3-1: Called Strike 3-2: Base on Balls
|
Batting: RHB Bobby Orantez
|
0-0: Called Strike 0-1: SINGLE (Groundball, 6MD, EV 94.4 MPH) John Van der Linden to second Runner from 2nd tries for 3rd, SAFE, throw by CF made to third
|
Pitching: RHP Nate Gulley
|
|
Batting: LHB Donny Kleinjan
|
0-0: Ball 1-0: Called Strike 1-1: Called Strike 1-2: Strikes out swinging
|
Bottom of the 5th over - 0 runs, 2 hits, 0 errors, 2 left on base; Rice University 6 - Stanford University 0 |
TOP OF THE 6TH |
Rice University Owls batting - Pitching for Stanford University Cardinal : RHP Steven Townsend
|
Pitching: RHP Joe Kill
|
|
Batting: RHB Jose Soto
|
0-0: Ball 1-0: Ball 2-0: Ball 3-0: DOUBLE (Flyball, 8LXD, EV 98.8 MPH)
|
Batting: SHB Ken Wilson
|
0-0: Called Strike 0-1: Called Strike 0-2: Strikes out looking
|
Batting: RHB Neil Worth
|
0-0: Called Strike 0-1: Foul Ball, location: 2F 0-2: Ball 1-2: SINGLE (Groundball, 56, EV 100.6 MPH) Jose Soto to third Runner from 3rd tries for Home, SAFE, throw by LF to home
|
Batting: LHB Chris Gonzales
|
0-0: Called Strike 0-1: Swinging Strike 0-2: Ball 1-2: Foul Ball, location: 2F 1-2: Ball 2-2: Foul Ball, location: 2F 2-2: Ball 3-2: Base on Balls Neil Worth to second
|
Batting: RHB Bill Turcotte
|
0-0: Ball Wild Pitch! Neil Worth to third Chris Gonzales to second 1-0: Fly out, F7 (Flyball, 78S, EV 89.4 MPH)
|
Batting: RHB Allen Jarvis
|
0-0: Ball 1-0: Called Strike 1-1: Hit by Pitch
|
Batting: RHB Emanuel Pulido
|
0-0: Ball 1-0: Swinging Strike 1-1: Fly out, F9 (Flyball, 89M, EV 75.0 MPH)
|
Top of the 6th over - 1 run, 2 hits, 0 errors, 3 left on base; Rice University 7 - Stanford University 0 |
BOTTOM OF THE 6TH |
Stanford University Cardinal batting - Pitching for Rice University Owls : RHP Nate Gulley
|
Batting: RHB Joe Petley
|
0-0: Ball 1-0: Swinging Strike 1-1: Foul Ball, location: 2F 1-2: Strikes out swinging
|
Batting: RHB Dzevat Koljevic
|
0-0: Foul Ball, location: 2F 0-1: Foul Ball, location: 2F 0-2: Ball 1-2: Fly out, F9 (Flyball, 9LM, EV 98.1 MPH)
|
Batting: SHB Philippe Huff
|
0-0: Ball 1-0: Fly out, F8 (Line Drive, 8RM, EV 90.0 MPH)
|
Bottom of the 6th over - 0 runs, 0 hits, 0 errors, 0 left on base; Rice University 7 - Stanford University 0 |
TOP OF THE 7TH |
Rice University Owls batting - Pitching for Stanford University Cardinal : RHP Joe Kill
|
Pitching: RHP Andy Swan
|
|
Batting: RHB Caleb Mercer
|
0-0: Ball 1-0: Ball 2-0: Called Strike 2-1: DOUBLE (Line Drive, 89M, EV 95.6 MPH)
|
Batting: RHB Javier Quinones
|
0-0: Ball 1-0: Ball 2-0: Foul Ball, location: 2F 2-1: Swinging Strike 2-2: Strikes out swinging wild pitch, reaches first! Caleb Mercer to third
|
Batting: RHB Jose Soto
|
0-0: Foul Ball, location: 2F 0-1: Ball 1-1: Ball 2-1: SINGLE (Groundball, 34D, EV 102.5 MPH) Caleb Mercer scores Javier Quinones to second Runner from 2nd tries for 3rd, SAFE, no throw by RF
|
Batting: SHB Ken Wilson
|
0-0: Called Strike 0-1: Ball 1-1: Foul Ball, location: 2F 1-2: Fielders Choice at 2nd, 4-6 (Groundball, 4D, EV 85.0 MPH) Javier Quinones scores
|
Pinch Hitting: RHB Michael Benford
|
0-0: Ball 1-0: Ball 2-0: Called Strike 2-1: Swinging Strike 2-2: Foul Ball, location: 2F 2-2: Ball 3-2: Fly out, F7 (Line Drive, 7, EV 94.4 MPH)
|
Batting: LHB Chris Gonzales
|
0-0: Fly out, F8 (Flyball, 89D, EV 98.1 MPH)
|
Top of the 7th over - 2 runs, 2 hits, 0 errors, 1 left on base; Rice University 9 - Stanford University 0 |
BOTTOM OF THE 7TH |
Stanford University Cardinal batting - Pitching for Rice University Owls : RHP Nate Gulley
|
Now at 1B: Wendel van Baal
|
|
Batting: RHB Gary Preston
|
0-0: Fly out, F7 (Flyball, 7, EV 88.1 MPH)
|
Batting: LHB Mike Keating
|
0-0: Called Strike 0-1: Ball 1-1: Called Strike 1-2: Strikes out swinging
|
Batting: RHB Josh Benefield
|
0-0: Ground out 1-3 (Groundball, 15, EV 62.5 MPH)
|
Bottom of the 7th over - 0 runs, 0 hits, 0 errors, 0 left on base; Rice University 9 - Stanford University 0 |
TOP OF THE 8TH |
Rice University Owls batting - Pitching for Stanford University Cardinal : RHP Andy Swan
|
Pitching: RHP Dante Verduzco
|
|
Batting: RHB Bill Turcotte
|
0-0: Ground out 4-3 (Groundball, 4, EV 104.4 MPH)
|
Batting: RHB Allen Jarvis
|
0-0: Ball 1-0: Swinging Strike 1-1: Swinging Strike 1-2: Ball 2-2: Foul Ball, location: 2F 2-2: Strikes out swinging
|
Batting: RHB Emanuel Pulido
|
0-0: SINGLE (Line Drive, 8LS, EV 96.2 MPH)
|
Batting: RHB Caleb Mercer
|
0-0: Ball 1-0: Ball 2-0: Ball 3-0: Base on Balls Emanuel Pulido to second
|
Batting: RHB Javier Quinones
|
0-0: Foul Ball, location: 2F 0-1: Ball 1-1: Foul Ball, location: 2F 1-2: Foul Ball, location: 2F 1-2: Ball 2-2: Foul Ball, location: 2F 2-2: Ball 3-2: Ground out 6-3 (Groundball, 6, EV 85.0 MPH)
|
Top of the 8th over - 0 runs, 1 hit, 0 errors, 2 left on base; Rice University 9 - Stanford University 0 |
BOTTOM OF THE 8TH |
Stanford University Cardinal batting - Pitching for Rice University Owls : RHP Nate Gulley
|
Batting: RHB John Van der Linden
|
0-0: Ball 1-0: Called Strike 1-1: DOUBLE (Line Drive, 9LS, EV 98.1 MPH)
|
Batting: RHB Bobby Orantez
|
0-0: SINGLE (Line Drive, 56D, EV 95.0 MPH) John Van der Linden to third
|
Pitching: LHP Shan Ping
|
|
Batting: LHB Donny Kleinjan
|
0-0: Foul Ball, location: 2F 0-1: Swinging Strike 0-2: Fly out, F7 (Line Drive, 7D, EV 88.1 MPH) Runner from 3rd tags up, SCORES, throw by LF
|
Pitching: RHP Antonio Ybarra
|
|
Batting: RHB Erwin Young
|
0-0: Swinging Strike 0-1: Ball 1-1: Foul Ball, location: 2F 1-2: Ball 2-2: Foul Ball, location: 2F 2-2: Ball 3-2: Foul Ball, location: 2F 3-2: Fielders Choice at 2nd, 4-6 (Groundball, 34, EV 81.9 MPH)
|
Pinch Hitting: RHB Eric McDonald
|
0-0: Ball 1-0: Foul Ball, location: 2F 1-1: Ball 2-1: Foul Ball, location: 2F 2-2: Strikes out swinging
|
Bottom of the 8th over - 1 run, 2 hits, 0 errors, 1 left on base; Rice University 9 - Stanford University 1 |
TOP OF THE 9TH |
Rice University Owls batting - Pitching for Stanford University Cardinal : RHP Dante Verduzco
|
Now in RF: Eric McDonald
|
|
Batting: RHB Jose Soto
|
0-0: Hit by Pitch
|
Batting: SHB Ken Wilson
|
0-0: Swinging Strike 0-1: Called Strike 0-2: Ball 1-2: Ball 2-2: 2-RUN HOME RUN (Flyball, 9D, EV 95.0 MPH), Distance : 369 ft
|
Batting: SHB Wendel van Baal
|
0-0: Ball 1-0: Called Strike 1-1: Ball 2-1: Ball 3-1: Base on Balls
|
Batting: LHB Chris Gonzales
|
0-0: Foul Ball, location: 2F 0-1: Called Strike 0-2: Ball 1-2: Ball 2-2: SINGLE (Flyball, 89S, EV 96.9 MPH) Wendel van Baal to second
|
Pitching: LHP Larry Steen
|
|
Batting: RHB Bill Turcotte
|
0-0: Ball 1-0: Called Strike 1-1: Ball 2-1: Foul Ball, location: 2F 2-2: Ball 3-2: Foul Ball, location: 2F 3-2: Foul Ball, location: 2F 3-2: Grounds into double play, 6-4-3 (Groundball, 6, EV 82.5 MPH) Wendel van Baal to third
|
Batting: RHB Allen Jarvis
|
0-0: Called Strike 0-1: Ball 1-1: Fly out, F7 (Flyball, 78S, EV 73.1 MPH)
|
Top of the 9th over - 2 runs, 2 hits, 0 errors, 1 left on base; Rice University 11 - Stanford University 1 |
BOTTOM OF THE 9TH |
Stanford University Cardinal batting - Pitching for Rice University Owls : RHP Antonio Ybarra
|
Batting: SHB Philippe Huff
|
0-0: Foul Ball, location: 2F 0-1: Swinging Strike 0-2: Ground out 6-3 (Groundball, P, EV 88.1 MPH)
|
Batting: RHB Gary Preston
|
0-0: Ball 1-0: Ball 2-0: Ball 3-0: Base on Balls
|
Pitching: RHP Dejenie Mensah
|
|
Pinch Hitting: RHB Ricky Medina
|
0-0: Swinging Strike 0-1: Ball 1-1: Ball 2-1: Called Strike 2-2: Strikes out swinging
|
Batting: RHB Josh Benefield
|
0-0: Fielders Choice at 2nd, 5-4 (Groundball, 5, EV 87.5 MPH)
|
Bottom of the 9th over - 0 runs, 0 hits, 0 errors, 1 left on base; Rice University 11 - Stanford University 1 |
|